 Dungeon Crawl Stone Soup version 0.27-b1-41-gafb5482f4b (webtiles) character file.

Game seed: 14032836416050439017

78 horus123 the Chucker (level 3, -1/29 HPs)
             Began as a Demigod Hunter on July 28, 2021.
             Slain by an orc (3 damage)
             ... on level 3 of the Dungeon.
             The game lasted 00:10:10 (3078 turns).

horus123 the Chucker (Demigod Hunter)               Turns: 3078, Time: 00:10:11

Health: -1/29      AC: 11    Str: 13    XL:     3   Next: 94%
Magic:  5/5        EV:  2    Int: 17    God:
Gold:   30         SH:  3    Dex: 14    Spells: 2/2 levels left

rFire    . . .     SeeInvis .   f - staff of death
rCold    . . .     Faith    .   p - +0 buckler
rNeg     + . .     Spirit   .   o - +0 plate armour
rPois    .         Reflect  .   (no helmet)
rElec    .         Harm     .   (no cloak)
rCorr    .         Rampage  .   g - +0 pair of gloves
Will     .....                  (no boots)
Stlth    ..........             m - amulet of the acrobat
HPRegen  0.09/turn              (no ring)
MPRegen  0.09/turn              (no ring)

@: no status effects
A: high mp 1, forlorn
a: no special abilities


You were on level 3 of the Dungeon.
You visited 1 branch of the dungeon, and saw 3 of its levels.

You collected 30 gold pieces.

Inventory:

Hand Weapons
 a - a +0 short sword
Missiles
 b - 39 poisoned darts
 c - 5 javelins (quivered)
 d - 2 throwing nets
 l - 8 atropa-tipped darts
Armour
 g - a +0 pair of gloves (worn)
 o - a +0 plate armour (worn)
 p - a +0 buckler (worn)
Magical Staves
 f - a staff of death (weapon)
Jewellery
 m - an amulet of the acrobat (around neck)
Scrolls
 h - a scroll of enchant weapon {unknown}
 i - a scroll of identify {unknown}
 k - a scroll of holy word {unknown}
Potions
 e - a potion of lignification {unknown}
 j - 2 potions of curing {unknown}
 n - a potion of degeneration {unknown}


   Skills:
 + Level 1.9 Fighting
 - Level 0.3 Short Blades
 * Level 1.1 Staves
 + Level 4.3 Throwing
 + Level 0.9 Armour
 + Level 2.0 Dodging
 + Level 1.2 Stealth
 * Level 0.6 Necromancy


You had 2 spell levels left.
You didn't know any spells.
Your spell library contained the following spells:

 Spells                   Type           Power      Damage    Failure   Level
 Dazzling Flash           Conj/Hex       0%         N/A       100%        3
 Agony                    Necr           3%         N/A       100%        5
 Silence                  Hex/Air        0%         N/A       100%        5


Dungeon Overview and Level Annotations

Branches:
Dungeon (3/15)


Innate Abilities, Weirdness & Mutations

Your attributes grow dramatically as you level up.
You have an increased reservoir of magic. (+10% MP)
You shall have no god before yourself.


Message History

The orc hits you but does no damage. The orc completely misses you.
The orc shouts!
You hit the orc.
The orc is moderately wounded.
The orc hits you but does no damage. The orc hits you with a +0 flail.
The orc hits you with a +0 hand axe. The orc hits you with a +0 dagger.
You hit the orc.
The orc is heavily wounded.
The orc hits you with a +0 flail.
* * * LOW HITPOINT WARNING * * *
The orc hits you with a +0 hand axe.
* * * LOW HITPOINT WARNING * * *
The orc hits you but does no damage. The orc barely misses you.
Unknown command.
You hit the orc.
The orc is almost dead.
The orc hits you but does no damage. x2; You block the orc's attack.
You hit the orc but do no damage.
The orc is almost dead.
The orc hits you but does no damage. x3
You hit the orc.
You kill the orc!
The orc hits you but does no damage.
You hit the orc.
The orc is lightly wounded.
The orc hits you but does no damage. The orc hits you with a +0 whip.
* * * LOW HITPOINT WARNING * * *
The orc hits you with a +0 flail.
* * * LOW HITPOINT WARNING * * *
The orc hits you but does no damage. x2
You hit the orc.
The orc is severely wounded.
The orc hits you but does no damage. You block the orc's attack.
The orc hits you with a +0 whip.
* * * LOW HITPOINT WARNING * * *
The orc hits you but does no damage.
You closely miss the orc.
The orc is severely wounded.
The orc hits you but does no damage. x2; The orc hits you with a +0 flail.
You die...

..# #.# ..# #.
#.#.# ###.#.#
#>..#.# #.....# #
######.....#....
##..@oo..<....#
#.†.oo...........
#.....#####.#####
........##...#
...
.......#####.#
..# ###.... .#
.... ##.## . ....
.. #. .... ##.


You could see 4 orcs.

Vanquished Creatures
  A gnoll (D:2)
  2 adders
  A dart slug (D:1)
  An orc (D:3)
  6 endoplasms
  3 giant cockroaches
  3 hobgoblins
  5 jackals (D:1)
  3 quokkas (D:1)
  6 ball pythons
  4 bats
  5 frilled lizards
  A goblin (D:2)
  2 kobolds (D:1)
  2 rats
45 creatures vanquished.

Notes
Turn   | Place    | Note
-------+----------+-------------------------------------------
     0 | D:1      | horus123 the Demigod Hunter began the quest for the Orb.
     0 | D:1      | Reached XP level 1. HP: 17/17 MP: 3/3
   505 | D:1      | Reached skill level 4 in Throwing
   574 | D:1      | Reached XP level 2. HP: 21/24 MP: 4/4
  1149 | D:1      | Reached skill level 1 in Stealth
  1685 | D:2      | Reached XP level 3. HP: 29/29 MP: 5/5
  3043 | D:3      | Reached skill level 1 in Staves
  3078 | D:3      | Slain by an orc

Illustrated notes

Levels and vault maps discovered:
D:1:      erik_arrival_cave_to_civilisation [erik_arrival_cave_to_hall],
          layout_basic, hellmonk_ecumenical_altar_pennies_from_heaven,
          minmay_misc_feat_encased, nrook_mini_vaults, minmay_tiny_reverse_x
D:2:      layout_loops_ring, minmay_pentomino_p4
D:3:      layout_rooms, serial_co_window_serial, co_window_corner_a,
          co_window_paths_b, co_window_of_opportunity_a, co_window_paths_a,
          co_window_paths_b, co_window_unsneaky_path_d, co_window_broadway_c,
          co_window_corner_b, co_window_broadway_c, co_window_paths_d,
          uniq_grinder

Skill      XL: |  1  2  3 |
---------------+----------+-----
Throwing       | 4 |  4.3
Stealth        | 1 |  1.2
Dodging        | 2 |  2.0
Staves         | 1 |  1.1
Fighting       | |  1.9
Short Blades   | |  0.3
Armour         | |  0.9
Necromancy     | |  0.6

Action                   || total
-------------------------++-------
Melee: Short sword       ||    55
       Staff             ||    96
Throw: Javelin           ||    42
 Stab: Sleeping          ||     1
Armor: Leather armour    ||    12
       Scale mail        ||     4
       Plate armour      ||    68
       Robe              ||     3
Dodge: Dodged            ||    66
Block: Buckler           ||     7
